Map: Lost and Found LE

Players

RiSky - Winner!

  • Race: Zerg Zerg
  • League: Grandmaster
  • Spawn Location: 1:00

gelous

  • Race: Protoss Protoss
  • League: Diamond
  • Spawn Location: 7:00

VOD

Have the link to the VOD?

Description

Time

  • Played on: Oct. 10, 2018, 12:25 p.m.
  • Length: 7:14
Show
View Real Time Build Order
Export as new Build Order

RiSky Zerg - Winner!

Build Orders: Hatch First 

Get SALT Encoding   

  12  0:00  Drone  
  13  0:13  Overlord  
  13  0:16  Drone  
  14  0:31  Drone x2  
  14  0:35  Drone  
  17  0:51  Hatchery  
  17  0:54  Drone  
  17  1:01  Drone  
  18  1:08  Extractor  
  17  1:15  Spawning Pool  
  17  1:16  Drone  
  17  1:19  Drone  
  18  1:28  Drone  
  19  1:39  Overlord  
  19  1:50  Drone  
  20  2:01  Zergling x2  
  20  2:02  Queen  
  20  2:03  Queen  
  20  2:04  Zergling x2  
  26  2:09  Metabolic Boost  
  26  2:12  Drone  
  26  2:13  Drone  
  28  2:22  Drone  
  29  2:25  Drone  
  30  2:35  Hatchery  
  29  2:37  Drone  
  29  2:38  Drone  
  31  2:44  Overlord  
  31  2:49  Queen  
  33  2:52  Drone  
  35  2:58  Drone  
  35  2:59  Drone  
  35  3:05  Drone  
  37  3:08  Drone  
  38  3:13  Drone x3  
  38  3:14  Drone x3  
  38  3:18  Overlord  
  44  3:30  Overlord  
  44  3:33  Evolution Chamber  
  43  3:35  Drone  
  43  3:37  Queen  
  43  3:39  Drone  
  47  3:41  Drone  
  47  3:46  Overlord  
  47  3:47  Drone x2  
  50  3:49  Drone  
  50  3:51  Drone  
  54  3:57  Drone  
  54  3:59  Queen  
  54  4:00  Drone  
  54  4:02  Drone, Zerg Melee Weapons Level 1  
  57  4:03  Overlord  
  57  4:04  Drone  
  57  4:06  Drone  
  57  4:08  Drone  
  57  4:09  Drone  
  61  4:13  Lair  
  61  4:15  Extractor, Drone  
  61  4:17  Drone  
  61  4:19  Drone  
  61  4:20  Drone x2  
  61  4:21  Drone  
  66  4:25  Overlord  
  66  4:34  Baneling Nest, Drone x3, Queen  
  66  4:36  Extractor  
  66  4:37  Drone, Overlord  
  70  4:41  Drone x2  
  72  4:48  Queen  
  72  4:50  Extractor  
  72  4:52  Drone x3  
  76  4:53  Zergling x10  
  76  4:56  Overlord  
  81  5:02  Zergling x2  
  82  5:07  Zergling x2  
  82  5:08  Zergling x2  
  82  5:10  Overseer  
  82  5:13  Overseer  
  84  5:15  Zergling x4  
  84  5:17  Hatchery  
  85  5:21  Queen  
  85  5:23  Zergling x10  
  85  5:24  Zergling x10  
  85  5:28  Overlord  
  96  5:30  Queen  
  96  5:34  Centrifical Hooks  
  98  5:35  Baneling  
  98  5:36  Baneling x5  
  98  5:40  Zergling x6  
  101  5:43  Drone  
  101  5:47  Overlord  
  101  5:49  Zergling x2  
  103  5:51  Overlord  
  103  5:53  Zergling x2  
  103  5:54  Zergling x4  
  106  6:00  Overlord  
  106  6:03  Zergling x8  
  106  6:04  Pneumatized Carapace  
  110  6:05  Overlord  
  110  6:07  Zergling x2  
  111  6:12  Zergling x4  
  111  6:16  Zergling x6  
  115  6:25  Baneling  
  115  6:26  Baneling x6  
  115  6:27  Queen x2  
  115  6:31  Zergling x12  
  115  6:32  Zergling x2  
  126  6:33  Baneling  
  126  6:34  Baneling x2  
  126  6:38  Zergling x6  
  129  6:50  Zergling x18  
  134  6:55  Zergling x2  
  134  6:56  Zergling x2  
Show
View Real Time Build Order
Export as new Build Order

gelous Protoss 

Build Orders: 1 Gate Expand 

Get SALT Encoding   

  12  0:01  Probe  
  13  0:13  Probe  
  14  0:21  Pylon  
  14  0:25  Probe  
  15  0:39  Probe  
  15  0:41  Gateway  
  16  0:47  Assimilator  
  16  0:51  Probe  
  17  1:00  Probe  
  18  1:08  Probe  
  19  1:26  Nexus  
  19  1:36  Cybernetics Core  
  19  1:39  Probe  
  20  1:47  Probe  
  20  1:48  Pylon  
  21  1:55  Probe  
  21  1:57  Assimilator  
  22  2:06  Gateway  
  22  2:09  Warp Gate  
  22  2:17  Probe  
  22  2:20  Adept  
  22  2:22  Shield Battery  
  23  2:29  Probe  
  25  2:45  Probe x2  
  27  2:57  Probe x2  
  29  3:01  Adept  
  29  3:03  Stalker  
  33  3:09  Probe x2  
  35  3:21  Twilight Council  
  35  3:26  Robotics Facility  
  35  3:40  Resonating Glaives, Probe  
  35  3:44  Gateway, Probe  
  35  3:46  Gateway  
  37  3:49  Probe  
  37  3:52  Pylon  
  38  4:01  Probe  
  40  4:02  Assimilator, Probe  
  40  4:13  Immortal  
  44  4:19  Probe  
  44  4:22  Probe  
  46  4:26  Adept x2  
  50  4:31  Probe  
  51  4:45  Pylon  
  51  4:47  Probe  
  51  4:48  Sentry  
  54  4:53  Pylon  
  54  4:56  Immortal  
  54  5:00  Pylon  
  54  5:04  Assimilator  
  58  5:11  Sentry x3  
  58  5:14  Adept  
  66  5:16  Probe  
  67  5:22  Gateway  
  67  5:26  Gateway  
  67  5:32  Warp Prism  
  67  5:38  Stalker  
  71  5:47  Gateway  
  71  5:49  Gateway  
  71  5:51  Adept x3  
  77  5:59  Pylon  
  77  6:03  Pylon  
  77  6:23  Pylon  
  77  6:38  Adept x3  
  77  6:39  Adept x3  
  89  7:00  Adept x6  
Tags
 
Add a new tag
Caveats
  • Supply blocks, unpowered buildings, or Contaminate may cause inaccurate times.
  • Supply counts are checked every 10 seconds.